 Dungeon Sprint DCSS version 0.27.0-66-gdc8fb28755 (webtiles) character file.

Game seed: 10024267088346621642

9 styxcanada the Sneak (level 2, -9/15 HPs)
             Began as a Spriggan Brigand on Aug 19, 2021.
             Splashed by an oklob sapling's acid (14 damage)
             ... in the Dungeon (Sprint IV: "Fedhas' Mad Dash").
             The game lasted 00:00:44 (133 turns).

styxcanada the Sneak (Spriggan Brigand)              Turns: 133, Time: 00:00:47

Health: -9/15      AC: -1    Str:  7    XL:     2   Next: 6%
Magic:  3/3        EV: 17    Int: 12    God:
Gold:   0          SH:  0    Dex: 16    Spells: 1/1 levels left

rFire    . . .     SeeInvis +   a - +2 dagger
rCold    . . .     Faith    .   (shield restricted)
rNeg     . . .     Spirit   .   b - +0 robe
rPois    .         Reflect  .   (helmet restricted)
rElec    .         Harm     .   c - +0 cloak
rCorr    .         Rampage  .   (gloves unavailable)
Will     .....     NoTele   +   (boots unavailable)
Stlth    ++++......             (no amulet)
HPRegen  0.05/turn              (no ring)
MPRegen  0.08/turn              (no ring)

@: corroded, very quick
A: very small, no large weapons, unfitting armour, see invisible, speed 3
a: no special abilities


You were in the Dungeon.
You visited 1 branch

Inventory:

Hand Weapons
 a - a +2 dagger (weapon)
 l - a +0 hunting sling
Missiles
 d - 6 poisoned darts
 e - 2 curare-tipped darts (quivered)
Armour
 b - a +0 robe (worn)
 c - a +0 cloak (worn)
Scrolls
 k - a scroll of blinking
Potions
 f - a potion of curing
 g - a potion of heal wounds
 h - a potion of haste
 i - 2 potions of magic
 j - a potion of berserk rage


   Skills:
 * Level 2.0 Fighting
 + Level 2.3 Short Blades
 + Level 2.2 Throwing
 * Level 2.2 Dodging
 * Level 7.9 Stealth


You had one spell level left.
You didn't know any spells.
Your spell library was empty.

Dungeon Overview and Level Annotations

Branches:
Dungeon (1/1)

Altars:


Innate Abilities, Weirdness & Mutations

You are very small and have problems with some larger weapons.
You are too small for most types of armour.
You have supernaturally acute eyesight. (SInv)
You cover ground extremely quickly. (Speed+++)


Message History

The poisoned dart closely misses the river rat.
The poisoned dart hits the rat.
The rat is poisoned.
The fungus begins to die.
The river rat closely misses you.
The rat bites the fungus.
Throw: 2 darts (curare)
Press: ? - help, Q - select action Shift-Dir - straight line, f/p - river rat
Aim: a river rat (moderately wounded, very poisoned, 57% to hit)
You throw a curare-tipped dart.
The curare-tipped dart hits the river rat.
The river rat looks as sick as possible!
The river rat convulses.
You kill the river rat!
Your Fighting skill increases to level 2!
Your Dodging skill increases to level 2!
Your Stealth skill gained 2 levels and is now at level 7!
You have reached level 2!
You hit the rat.
You kill the rat!
e - 2 curare-tipped darts (gained 1);
d - 2 poisoned darts You see here a rat corpse.
The fungus looks more healthy.
A nearby fungus withers and dies. x2
d - 3 poisoned darts (gained 1)
There is an open door here.
d - 4 poisoned darts (gained 1)
d - 5 poisoned darts (gained 1)
You see here a +0 hunting sling.
l - a +0 hunting sling
d - 6 poisoned darts (gained 1)
You start resting.
HP restored.
As you open the door, it creaks loudly!
A scorpion comes into view.
Found 29 gold pieces.
An oklob sapling comes into view.
The oklob sapling spits acid at you. The splash of acid hits you!
Ouch! That really hurt!
The acid corrodes you!
You are splashed with acid!
Ouch! That really hurt!
You die...

##################
#<†..#.....#.s$$$#
#P...'.....@.#
#PPPP#.....#P#
##############


You could see an oklob sapling and a scorpion.

Vanquished Creatures
  A river rat (D)
  A rat (D)
2 creatures vanquished.

Vanquished Creatures (others)
  2 fungi (D)
2 creatures vanquished.

Grand Total: 4 creatures vanquished

Notes
Turn   | Place    | Note
-------+----------+-------------------------------------------
     0 | D        | styxcanada the Spriggan Brigand began the quest for the
                  | Orb.
     0 | D        | Reached XP level 1. HP: 10/10 MP: 2/2
    25 | D        | Reached skill level 7 in Stealth
    25 | D        | Reached XP level 2. HP: 9/15 MP: 3/3
   132 | D        | Noticed a scorpion
   133 | D        | Noticed an oklob sapling
   133 | D        | Splashed by an oklob sapling's acid

Illustrated notes

Levels and vault maps discovered:
D:        dungeon_sprint_fedhas [sprint_temple]

Skill      XL: |  1 |
---------------+----+-----
Fighting       | 2 |  2.0
Dodging        | 2 |  2.2
Stealth        | 7 |  7.9
Short Blades   | |  2.3
Throwing       | |  2.2

Action                   || total
-------------------------++-------
Melee: Dagger            ||     2
Throw: Dart              ||     9
Armor: Robe              ||     1
Dodge: Dodged            ||     4
